 Dungeon Crawl Stone Soup version 0.29-a0-378-gc08b2e8bf8 (webtiles) character file.

Game seed: 14199404752297486511

659 Lekart the Skirmisher (level 7, -2/75 HPs)
             Began as a White Draconian Chaos Knight on May 4, 2022.
             Was a Plaything of Xom.
             Slain by Prince Ribbit (12 damage)
             ... on level 5 of the Dungeon.
             The game lasted 00:07:07 (4282 turns).

Lekart the Skirmisher (DrCK)                        Turns: 4282, Time: 00:07:08

Health: -2/75      AC:  7    Str: 14    XL:     7   Next: 30%
Magic:  7/7        EV: 12    Int: 13    God:    Xom [...*..]
Gold:   283        SH:  0    Dex: 10    Spells: 6/6 levels left

rFire   . . .      SeeInvis .   a - +0 falchion (chaos)
rCold   + . .      Faith    .   (no shield)
rNeg    . . .      Spirit   .   (body armour unavailable)
rPois   .          Reflect  .   (helmet restricted)
rElec   .          Harm     .   d - +0 cloak
rCorr   .          Rampage  .   (no gloves)
Will    .....                   (no boots)
Stlth   +.........              (no amulet)
HPRegen 0.22/turn               (no ring)
MPRegen 0.10/turn               (no ring)

@: short of breath
A: breathe frost, AC +6, unfitting armour, cold resistance 1, cold-blooded,
clumsy 1, robust 2
a: Breathe Frost, Renounce Religion


You were on level 5 of the Dungeon.
You worshipped Xom.
You were a favourite toy of Xom.
You visited 1 branch of the dungeon, and saw 5 of its levels.

You collected 283 gold pieces.

Inventory:

Hand Weapons
 a - a +0 falchion of chaos (weapon)
Armour
 d - a +0 cloak (worn)
Scrolls
 e - a scroll of blinking
 g - 2 scrolls of teleportation
 h - a scroll of summoning
 k - a scroll of enchant armour
Potions
 c - 2 potions of might
 f - a potion of curing
 i - 2 potions of heal wounds
 j - 2 potions of haste {unknown}
 l - a potion of degeneration {unknown}
Miscellaneous
 b - a piece from Xom's chessboard (6/15) (quivered)


   Skills:
 * Level 6.1 Fighting
 + Level 5.8 Long Blades
 + Level 3.9 Dodging
 + Level 0.8 Evocations


You had 6 spell levels left.
You didn't know any spells.
Your spell library contained the following spells:

 Spells                   Type           Power      Damage    Failure   Level
 Pain                     Necr           0%         1d4       30%         1
 Corpse Rot               Necr/Air       0%         N/A       43%         2
 Poisonous Vapours        Pois/Air       0%         N/A       43%         2
 Agony                    Necr           0%         N/A       100%        5
 Excruciating Wounds      Necr           0%         N/A       100%        5


Dungeon Overview and Level Annotations

Branches:
Dungeon (5/15)
 Temple: D:4-7

Altars:

Shops:
D:4 (

Annotations:
D:5 Prince Ribbit


Innate Abilities, Weirdness & Mutations

You can breathe waves of freezing cold which knock back foes.
Your icy white scales are hard. (AC +6)
You cannot fit into any form of body armour.
Your flesh is cold resistant. (rC+)
You are cold-blooded and may be slowed by cold attacks.
You are clumsy. (Dex -2)
You are very robust. (+20% HP)


Message History

Prince Ribbit blinks!
Prince Ribbit is nearby!
You make a move on Xom's chessboard...
Prince Ribbit easily resists.
Prince Ribbit closely misses you.
You make a move on Xom's chessboard...
Prince Ribbit seems to speed up.
Prince Ribbit hits you. Prince Ribbit hits you!
You make a move on Xom's chessboard...
Prince Ribbit easily resists.
Prince Ribbit hits you! x2
You make a move on Xom's chessboard...
Nothing appears to happen.
Prince Ribbit hits you but does no damage.
Prince Ribbit hits you!
* * * LOW HITPOINT WARNING * * *
Aiming: Breathe Frost (5% risk of failure)
Press: ? - help, Shift-Dir - straight line, f - Prince Ribbit
Aim: Prince Ribbit (fast, 45% to hit)
You exhale a wave of freezing cold.
The freezing breath hits Prince Ribbit!
Prince Ribbit is moderately wounded.
Prince Ribbit is blown backwards by the freezing wind.
You make a move on Xom's chessboard...
Prince Ribbit twists and deforms. "Forecast: mostly cloudy."
Prince Ribbit hits you.
* * * LOW HITPOINT WARNING * * *
Prince Ribbit barely misses you.
Unknown command.
Unknown command.
Unknown command.
You make a move on Xom's chessboard...
Prince Ribbit resists with some effort.
Prince Ribbit barely misses you. x2
Unknown command.
You make a move on Xom's chessboard...
Prince Ribbit seems to grow stronger.
Prince Ribbit hits you but does no damage.
Prince Ribbit blinks!
You make a move on Xom's chessboard...
Nothing appears to happen.
Prince Ribbit hits you.
* * * LOW HITPOINT WARNING * * *
Prince Ribbit barely misses you.
You make a move on Xom's chessboard...
Prince Ribbit twists and deforms.
Prince Ribbit hits you!
You die...
Xom thinks this is hilarious!

############
#......<...#
#.########.#
#.# #.# #§#
##.####§#####
...)§§.@F§..#
.#..#######.#
# #.# #.# #.#
#.# #.# #.#
#.#


You could see Prince Ribbit (fast, strong, misshapen).

Vanquished Creatures
  Grinder (D:4)
  An ogre (D:3)
  A necrophage (D:4)
  2 scorpions (D:4)
  A howler monkey (D:4)
  2 iguanas (D:4)
  3 adders
  2 dart slugs
  7 orcs (D:3)
  10 ball pythons
  6 endoplasms
  3 giant cockroaches
  14 goblins
  3 hobgoblins
  3 jackals (D:3)
  4 kobolds
  3 quokkas
  6 bats
  6 rats
78 creatures vanquished.

Vanquished Creatures (others)
  3 toadstools (D:2)
3 creatures vanquished.

Grand Total: 81 creatures vanquished

Notes
Turn   | Place    | Note
-------+----------+-------------------------------------------
     0 | D:1      | Lekart the Draconian Chaos Knight began the quest for the
                  | Orb.
     0 | D:1      | Reached XP level 1. HP: 19/19 MP: 1/1
   271 | D:1      | Reached XP level 2. HP: 22/27 MP: 2/2
   571 | D:1      | XOM: silly message
   681 | D:1      | Reached skill level 4 in Fighting
   697 | D:1      | Reached XP level 3. HP: 27/33 MP: 3/3
   884 | D:1      | XOM: god gift: scroll labelled AFUCZO DATYAQIONK {god gift}
   891 | D:1      | XOM: 1-stop teleportation journey
  1043 | D:2      | XOM: polymorph ball python -> hobgoblin
  1424 | D:2      | Found a faded altar of an unknown god.
  1436 | D:2      | XOM: cloud trail
  1585 | D:3      | Reached XP level 4. HP: 33/41 MP: 4/4
  1686 | D:3      | XOM is BORED!
  1686 | D:3      | XOM: give mutations
  1686 | D:3      | Gained mutation: You have hidden genetic potential. [Xom's
                  | mischief]
  1686 | D:3      | Gained mutation: You are clumsy. (Dex -2) [Xom's mischief]
  2453 | D:3      | Noticed an ogre
  2457 | D:3      | XOM: confuse monster(s)
  2463 | D:3      | Killed an ogre
  2464 | D:3      | Reached skill level 5 in Fighting
  2464 | D:3      | Reached XP level 5. HP: 48/48 MP: 5/5
  2477 | D:3      | Gained mutation: You are robust. (+10% HP) [hidden
                  | potential]
  2746 | D:4      | Reached XP level 6. HP: 45/61 MP: 6/6
  2955 | D:4      | Found Koagiz's Weapon Shop.
  3054 | D:4      | Gained mutation: You are very robust. (+20% HP) [hidden
                  | potential]
  3054 | D:4      | Lost mutation: You have hidden genetic potential. [hidden
                  | potential expressed]
  3177 | D:4      | XOM: 1-stop teleportation journey
  3262 | D:4      | Reached skill level 5 in Long Blades
  3645 | D:4      | Noticed Grinder
  3648 | D:4      | Paralysed by Grinder for 3 turns
  3650 | D:4      | XOM: summons friendly white imp
  3658 | D:4      | Killed Grinder
  3659 | D:4      | Reached skill level 6 in Fighting
  3659 | D:4      | Your scales start taking on an icy white colour.
  3659 | D:4      | Reached XP level 7. HP: 31/75 MP: 7/7
  3659 | D:4      | Gained mutation: Your flesh is cold resistant. (rC+) [White
                  | Draconian growth]
  4253 | D:5      | Entered Level 5 of the Dungeon
  4265 | D:5      | Noticed Prince Ribbit
  4278 | D:5      | XOM: fog
  4282 | D:5      | Slain by Prince Ribbit

Illustrated notes

Levels and vault maps discovered:
D:1:      psy_arrival_heroes, layout_basic, minmay_misc_feat_iff
D:2:      layout_rooms, shapermc_ecumenical_altar_mp_highgroup,
          minmay_gold_behind_fungi
D:3:      layout_rooms, minmay_ogre_servants
D:4:      layout_layer_cave, serial_shops, nicolae_inconvenience_store,
          uniq_grinder
D:5:      layout_loops_ring, minmay_ruined_shrine, uniq_prince_ribbit1

Skill      XL: |  1  2  3  4  5  6 |
---------------+-------------------+-----
Fighting       | 4 5 6 |  6.1
Long Blades    | 4 5 |  5.8
Dodging        | 3 |  3.9
Evocations     | |  0.8

Action                   |  1- 3 |  4- 6 |  7- 9 || total
-------------------------+-------+-------+-------++-------
Melee: Falchion          |   108 |   116 |       ||   224
       Tailslap          |     7 |    13 |       ||    20
       Punch             |       |     1 |       ||     1
 Abil: Breathe Frost     |       |       |     1 ||     1
Evoke: Piece from Xom's  |       |     4 |     9 ||    13
  Use: Scroll            |     9 |     3 |     1 ||    13
       Potion            |     1 |     2 |       ||     3
 Stab: Sleeping          |     2 |       |       ||     2
       Paralysed         |       |     6 |       ||     6
Armor: Skin              |    44 |    36 |     2 ||    82
Dodge: Dodged            |    79 |    82 |     5 ||   166

Table legend: (Time is in decaauts)
 A = Elapsed time spent in this place.
 B = Non-inter-level travel time spent in this place.
 C = Inter-level travel time spent in this place.
 D = Time resting spent in this place.
 E = Time spent auto-exploring this place.
 F = Levels seen in this place.
 G = Mean time per level.
                   A        B        C        D        E       F      G
               +--------+--------+--------+--------+--------+-----+--------+
         Total |   4309 |   4241 |     68 |    487 |   2995 |   5 |  861.8 |
       Dungeon |   4309 |   4241 |     68 |    487 |   2995 |   5 |  861.8 |
               +--------+--------+--------+--------+--------+-----+--------+

Top non-repeatable levels by time:
     D:4: 1568 daAuts
     D:1: 927 daAuts
     D:3: 900 daAuts
     D:2: 884 daAuts
     D:5: 28 daAuts
